General information
- name: BNet
- type: Ladder team game (AT/RT)
- host: Battle.net
- saver: Miles_Edgeworth
map: PhantomGrove
- players: 4
- length: 89:44
- speed: Fast
- version: 1.26 W3XP
- replay type: Public
» download(522 KB)
Players
team 1 (loser)
Amazingtowers (
red | 86 APM | 7680 actions | 89:43)
6 Mountain King
3 Storm Bolt
2 Bash
1 Avatar
6 Paladin
3 Holy Light
3 Divine Shield
4 Blood Mage
2 Flame Strike
2 Siphon Mana
» actions
| Assign group hotkey | 92 | |
| Basic commands | 56 | |
| Build / train | 241 | |
| ESC pressed | 9 | |
| Enter build submenu | 71 | |
| Enter hero's abilities submenu | 16 | |
| Give item / drop item | 16 | |
| Remove unit from queue | 6 | |
| Right click | 3721 | |
| Select / deselect | 1462 | |
| Select group hotkey | 1323 | |
| Use ability | 666 | |
7680 total
» units
| Peasant | 35 | |
| Footman | 4 | |
| Dragonhawk Rider | 3 | |
| Mortar Team | 14 | |
| Sorceress | 7 | |
63 total
» upgrades
| Masonry | 3 | |
| Lumber Harvesting | 1 | |
| Magic Sentry | 1 | |
| Priest Training | 1 | |
| Cloud | 1 | |
| Storm Hammers | 1 | |
| Fragmentation Shards | 1 | |
| Flare | 1 | |
| Gunpowder | 3 | |
| Armor | 3 | |
| Swords | 3 | |
| Plating | 3 | |
| Barrage | 1 | |
| Flak Cannons | 1 | |
| Flying Machine Bombs | 1 | |
| Sorceress Training | 2 | |
27 total
» buildings
| Altar of Kings | 2 | |
| Farm | 21 | |
| Barracks | 1 | |
| Lumber Mill | 1 | |
| Scout Tower | 73 | |
| Guard Tower | 33 | |
| Arcane Tower | 2 | |
| Town Hall | 3 | |
| Keep | 1 | |
| Arcane Vault | 9 | |
| Blacksmith | 2 | |
| Castle | 1 | |
| Workshop | 5 | |
| Arcane Sanctum | 1 | |
| Gryphon Aviary | 5 | |
160 total
» build order
00:07 Altar of Kings
00:08 Farm
00:19 Barracks
00:22 Farm
02:23 Farm
02:26 Lumber Mill
03:06 Scout Tower
03:10 Scout Tower
03:10 Scout Tower
03:11 Scout Tower
03:14 Scout Tower
03:41 Guard Tower
04:34 Guard Tower
04:41 Scout Tower
04:43 Farm
05:16 Arcane Tower
05:21 Town Hall
06:06 Scout Tower
06:07 Scout Tower
06:07 Scout Tower
07:37 Keep
07:39 Guard Tower
07:44 Scout Tower
07:45 Scout Tower
07:46 Scout Tower
07:48 Scout Tower
07:51 Arcane Vault
08:14 Scout Tower
08:16 Scout Tower
08:19 Scout Tower
08:20 Scout Tower
08:20 Scout Tower
08:21 Scout Tower
08:21 Scout Tower
08:22 Scout Tower
08:24 Arcane Vault
08:25 Farm
08:25 Farm
08:29 Guard Tower
08:39 Blacksmith
08:41 Farm
09:13 Farm
09:16 Guard Tower
09:19 Guard Tower
09:54 Scout Tower
09:55 Scout Tower
10:02 Guard Tower
10:13 Guard Tower
10:14 Guard Tower
10:26 Farm
10:30 Farm
11:05 Castle
11:10 Scout Tower
11:11 Scout Tower
11:15 Guard Tower
12:03 Workshop
12:05 Workshop
12:06 Guard Tower
13:11 Guard Tower
13:13 Arcane Sanctum
13:15 Gryphon Aviary
13:16 Gryphon Aviary
15:02 Scout Tower
15:03 Scout Tower
15:04 Scout Tower
16:34 Guard Tower
16:34 Guard Tower
16:35 Guard Tower
16:59 Guard Tower
17:08 Farm
17:09 Farm
17:10 Farm
17:11 Arcane Vault
17:14 Scout Tower
17:14 Scout Tower
17:15 Scout Tower
17:15 Scout Tower
17:21 Scout Tower
17:30 Scout Tower
17:31 Scout Tower
17:32 Scout Tower
17:33 Scout Tower
17:35 Scout Tower
17:36 Scout Tower
17:37 Scout Tower
17:38 Scout Tower
17:58 Guard Tower
18:33 Farm
18:34 Farm
18:35 Farm
18:35 Farm
18:39 Guard Tower
18:39 Guard Tower
18:53 Town Hall
19:00 Guard Tower
21:02 Scout Tower
21:02 Scout Tower
21:03 Scout Tower
21:03 Scout Tower
21:04 Scout Tower
21:05 Scout Tower
21:06 Scout Tower
21:07 Scout Tower
21:07 Scout Tower
21:41 Guard Tower
21:43 Scout Tower
21:43 Scout Tower
21:44 Scout Tower
22:08 Guard Tower
22:09 Guard Tower
22:09 Guard Tower
24:01 Arcane Vault
24:21 Guard Tower
24:23 Blacksmith
24:26 Farm
24:54 Gryphon Aviary
24:56 Gryphon Aviary
24:57 Workshop
25:18 Arcane Vault
25:21 Workshop
31:36 Workshop
31:38 Gryphon Aviary
31:42 Arcane Vault
33:30 Scout Tower
33:31 Scout Tower
33:32 Scout Tower
33:32 Scout Tower
33:32 Scout Tower
33:33 Scout Tower
33:34 Scout Tower
33:34 Scout Tower
33:35 Scout Tower
33:35 Scout Tower
33:37 Scout Tower
33:38 Scout Tower
33:39 Scout Tower
33:39 Scout Tower
33:40 Scout Tower
34:06 Guard Tower
34:08 Guard Tower
34:32 Guard Tower
34:32 Guard Tower
36:25 Scout Tower
36:28 Town Hall
36:31 Scout Tower
36:32 Scout Tower
36:33 Scout Tower
36:34 Scout Tower
36:36 Arcane Vault
36:37 Arcane Vault
37:06 Guard Tower
38:26 Arcane Tower
70:14 Altar of Kings
70:15 Farm
70:16 Farm
75:18 Farm
75:20 Arcane Vault
» items
| Boots of Speed | 3 | |
| Scroll of Town Portal | 11 | |
| Scroll of Regeneration | 8 | |
| Lesser Clarity Potion | 24 | |
| Staff of Sanctuary | 3 | |
| Potion of Healing | 7 | |
| Potion of Mana | 7 | |
| Ivory Tower | 17 | |
| Staff of Teleportation | 2 | |
| Potion of Lesser Invulnerability | 2 | |
84 total
Werewolf (
blue | 63 APM | 5673 actions | 89:30)
6 Mountain King
3 Storm Bolt
2 Bash
1 Avatar
5 Paladin
3 Holy Light
2 Divine Shield
4 Blood Mage
2 Siphon Mana
2 Banish
» actions
| Assign group hotkey | 28 | |
| Basic commands | 84 | |
| Build / train | 154 | |
| ESC pressed | 3 | |
| Enter build submenu | 54 | |
| Enter hero's abilities submenu | 15 | |
| Give item / drop item | 4 | |
| Remove unit from queue | 2 | |
| Right click | 3606 | |
| Select / deselect | 1248 | |
| Select group hotkey | 87 | |
| Use ability | 388 | |
5673 total
» units
| Peasant | 21 | |
| Footman | 13 | |
| Dragonhawk Rider | 12 | |
| Gryphon Rider | 3 | |
49 total
» upgrades
| Masonry | 3 | |
| Cloud | 1 | |
| Lumber Harvesting | 1 | |
| Storm Hammers | 1 | |
6 total
» buildings
| Altar of Kings | 2 | |
| Barracks | 1 | |
| Farm | 15 | |
| Scout Tower | 25 | |
| Arcane Tower | 4 | |
| Lumber Mill | 1 | |
| Arcane Vault | 3 | |
| Keep | 2 | |
| Guard Tower | 14 | |
| Castle | 1 | |
| Gryphon Aviary | 4 | |
| Town Hall | 1 | |
| Blacksmith | 1 | |
74 total
» build order
00:06 Altar of Kings
00:11 Barracks
00:18 Farm
00:49 Farm
01:50 Scout Tower
01:56 Farm
02:24 Arcane Tower
03:06 Lumber Mill
04:03 Arcane Vault
04:19 Keep
04:24 Scout Tower
04:26 Scout Tower
04:27 Scout Tower
05:30 Guard Tower
05:45 Arcane Tower
05:47 Scout Tower
05:49 Scout Tower
06:17 Guard Tower
06:22 Guard Tower
06:41 Farm
06:44 Farm
07:34 Castle
08:19 Gryphon Aviary
08:21 Farm
08:25 Gryphon Aviary
09:43 Scout Tower
09:49 Guard Tower
09:52 Arcane Tower
09:55 Scout Tower
09:59 Town Hall
10:14 Guard Tower
10:17 Scout Tower
10:33 Guard Tower
11:01 Guard Tower
11:11 Scout Tower
11:12 Scout Tower
11:40 Guard Tower
15:07 Arcane Tower
18:51 Scout Tower
18:53 Scout Tower
18:53 Scout Tower
18:58 Scout Tower
18:58 Scout Tower
18:59 Scout Tower
18:59 Scout Tower
19:00 Scout Tower
19:01 Scout Tower
19:02 Scout Tower
19:05 Scout Tower
19:05 Scout Tower
19:29 Guard Tower
19:58 Guard Tower
20:15 Blacksmith
21:20 Guard Tower
25:36 Arcane Vault
31:20 Scout Tower
31:22 Scout Tower
31:28 Farm
31:29 Farm
31:55 Guard Tower
31:57 Guard Tower
32:19 Guard Tower
33:35 Farm
33:36 Farm
33:42 Farm
33:43 Farm
34:10 Keep
36:38 Gryphon Aviary
36:40 Gryphon Aviary
39:05 Arcane Vault
48:51 Altar of Kings
58:30 Farm
58:30 Farm
58:31 Farm
» items
| Lesser Clarity Potion | 19 | |
| Scroll of Regeneration | 6 | |
| Ivory Tower | 7 | |
| Scroll of Town Portal | 6 | |
| Staff of Sanctuary | 3 | |
| Potion of Healing | 9 | |
| Potion of Mana | 4 | |
54 total
team 2 (winner)
angryhoraciones (
purple | 95 APM | 8538 actions | 89:43)
6 Pandaren Brewmaster
3 Breath of Fire
2 Drunken Haze
1 Storm Earth and Fire
6 Demon Hunter
3 Mana Burn
2 Evasion
1 Metamorphosis
5 Beastmaster
2 Summon Quilbeast
3 Summon Hawk
» actions
| Assign group hotkey | 156 | |
| Basic commands | 378 | |
| Build / train | 226 | |
| ESC pressed | 24 | |
| Enter build submenu | 54 | |
| Enter hero's abilities submenu | 17 | |
| Give item / drop item | 11 | |
| Right click | 4409 | |
| Select / deselect | 1652 | |
| Select group hotkey | 755 | |
| Use ability | 856 | |
8538 total
» units
| Wisp | 77 | |
| Archer | 8 | |
| Druid of the Claw | 14 | |
| Dryad | 7 | |
| Assassin | 1 | |
| Kobold Geomancer | 3 | |
| Kobold | 2 | |
| Murloc Huntsman | 3 | |
| Mountain Giant | 2 | |
117 total
» upgrades
| Improved Bows | 1 | |
| Druid of the Claw Training | 2 | |
| Abolish Magic | 1 | |
| Strength of the Wild | 3 | |
| Mark of the Claw | 1 | |
| Nature's Blessing | 1 | |
| Well Spring | 1 | |
| Ultravision | 1 | |
| Resistant Skin | 1 | |
| Reinforced Hides | 3 | |
| Hardened Skin | 1 | |
16 total
» buildings
| Altar of Elders | 1 | |
| Moon Well | 8 | |
| Ancient of War | 1 | |
| Ancient of Wonders | 1 | |
| Tree of Ages | 3 | |
| Hunter's Hall | 1 | |
| Ancient of Lore | 2 | |
| Tree of Eternity | 2 | |
| Tree of Life | 13 | |
| Ancient Protector | 16 | |
48 total
» build order
00:07 Altar of Elders
00:09 Moon Well
00:11 Moon Well
01:01 Ancient of War
01:29 Moon Well
02:10 Ancient of Wonders
03:21 Tree of Ages
04:19 Hunter's Hall
05:43 Ancient of Lore
05:44 Ancient of Lore
07:21 Moon Well
08:35 Moon Well
09:23 Tree of Eternity
09:23 Tree of Eternity
10:02 Tree of Life
12:30 Tree of Life
14:52 Tree of Life
16:10 Tree of Life
16:14 Tree of Life
19:12 Tree of Life
19:15 Ancient Protector
19:43 Ancient Protector
20:07 Ancient Protector
20:14 Ancient Protector
20:23 Ancient Protector
20:58 Ancient Protector
21:36 Tree of Life
22:42 Tree of Life
27:15 Tree of Life
31:19 Tree of Life
31:21 Ancient Protector
31:23 Ancient Protector
31:25 Ancient Protector
31:27 Ancient Protector
35:03 Tree of Life
36:34 Ancient Protector
36:36 Ancient Protector
39:18 Ancient Protector
55:18 Tree of Life
55:27 Ancient Protector
55:28 Ancient Protector
55:31 Ancient Protector
63:43 Tree of Ages
63:43 Tree of Ages
68:23 Tree of Life
73:31 Moon Well
73:33 Moon Well
73:36 Moon Well
» items
| Lesser Clarity Potion | 4 | |
| Scroll of Town Portal | 14 | |
| Orb of Venom | 3 | |
| Potion of Lesser Invulnerability | 6 | |
| Staff of Preservation | 1 | |
| Potion of Healing | 2 | |
| Scroll of Protection | 1 | |
| Boots of Speed | 3 | |
| Anti-magic Potion | 2 | |
36 total
Miles_Edgeworth (
teal | 118 APM | 10574 actions | 89:44)
7 Death Knight
3 Death Coil
3 Unholy Aura
1 Death Pact
7 Lich
3 Frost Nova
3 Frost Armor
1 Death and Decay
7 Pandaren Brewmaster
3 Breath of Fire
2 Drunken Haze
1 Storm Earth and Fire
1 Drunken Brawler
» actions
| Assign group hotkey | 51 | |
| Basic commands | 809 | |
| Build / train | 131 | |
| ESC pressed | 16 | |
| Enter build submenu | 33 | |
| Enter hero's abilities submenu | 25 | |
| Give item / drop item | 9 | |
| Right click | 3865 | |
| Select / deselect | 1447 | |
| Select group hotkey | 3862 | |
| Use ability | 326 | |
10574 total
» units
| Acolyte | 20 | |
| Ghoul | 3 | |
| Crypt Fiend | 18 | |
| Gargoyle | 4 | |
| Obsidian Statue | 2 | |
| Frost Wyrm | 6 | |
| Abomination | 2 | |
| Meatwagon | 6 | |
61 total
» upgrades
| Creature Attack | 3 | |
| Destroyer Form | 1 | |
| Web | 1 | |
| Creature Carapace | 3 | |
| Unholy Armor | 1 | |
| Freezing Breath | 1 | |
| Unholy Strength | 1 | |
11 total
» buildings
| Crypt | 3 | |
| Graveyard | 1 | |
| Ziggurat | 11 | |
| Altar of Darkness | 1 | |
| Tomb of Relics | 3 | |
| Nerubian Tower | 2 | |
| Halls of the Dead | 2 | |
| Black Citadel | 2 | |
| Slaughterhouse | 1 | |
| Sacrificial Pit | 1 | |
| Necropolis | 2 | |
| Boneyard | 1 | |
| Spirit Tower | 3 | |
33 total
» build order
00:07 Crypt
00:12 Graveyard
00:39 Ziggurat
00:58 Altar of Darkness
01:54 Tomb of Relics
02:01 Ziggurat
02:50 Nerubian Tower
04:14 Halls of the Dead
05:39 Crypt
05:41 Crypt
06:15 Ziggurat
09:03 Ziggurat
09:04 Black Citadel
10:32 Slaughterhouse
11:56 Sacrificial Pit
14:25 Necropolis
16:01 Boneyard
17:49 Ziggurat
17:50 Ziggurat
18:32 Ziggurat
23:23 Spirit Tower
24:04 Necropolis
27:24 Ziggurat
27:25 Ziggurat
29:02 Tomb of Relics
29:05 Tomb of Relics
29:10 Spirit Tower
30:18 Ziggurat
30:44 Ziggurat
31:19 Spirit Tower
» items
| Rod of Necromancy | 1 | |
| Dust of Appearance | 1 | |
| Scroll of Town Portal | 8 | |
| Potion of Healing | 2 | |
| Orb of Corruption | 1 | |
| Boots of Speed | 2 | |
| Potion of Lesser Invulnerability | 5 | |
| Circlet of Nobility | 2 | |
| Periapt of Vitality | 1 | |
| Scroll of Healing | 2 | |
25 total
Chat log
(00:15 / Allies) angryhoraciones: double hu lel
(00:18 / Allies) Miles_Edgeworth: keep tabs opn their expos if you can
(00:24 / Allies) angryhoraciones: k
(00:36 / Allies) Miles_Edgeworth: is probably most likely expansion spot
(00:52 / Allies) Miles_Edgeworth: also possible
(02:29 / Allies) Miles_Edgeworth: mk first hmmm
(02:57 / Allies) Miles_Edgeworth: yeah fast expand
(02:58 / Allies) Miles_Edgeworth: we're going
(03:01 / Allies) Miles_Edgeworth: tier 2 wagon push
(03:50 / Allies) Miles_Edgeworth: gay
(03:59 / Allies) angryhoraciones: cumming
(04:04 / Allies) Miles_Edgeworth: try to harass expo
(04:05 / Allies) Miles_Edgeworth: imo
(04:09 / Allies) angryhoraciones: k
(04:22 / Allies) Miles_Edgeworth: kill that shit
(04:23 / Allies) Miles_Edgeworth: bof
(04:25 / Allies) Miles_Edgeworth: yeahh
(04:36 / Allies) Miles_Edgeworth: look out they're coming
(05:30 / Allies) Miles_Edgeworth: we're not doing wagon push
(05:32 / Allies) Miles_Edgeworth: i'm going garg
(06:48 / Allies) angryhoraciones: dat coil
(06:54 / Allies) Miles_Edgeworth: careful
(06:59 / Allies) Miles_Edgeworth: they have double mk stupidity
(07:55 / Allies) Miles_Edgeworth: got gold?
(08:01 / Allies) angryhoraciones: yaa
(08:14 / Allies) Miles_Edgeworth: ty
(10:13 / Allies) Miles_Edgeworth: expand
(10:14 / Allies) Miles_Edgeworth: imo
(10:23 / Allies) Miles_Edgeworth: they spent tons on tower
(10:35 / Allies) Miles_Edgeworth: hol shit
(11:14 / Allies) angryhoraciones: were facked
(11:17 / Allies) Miles_Edgeworth: we need to
(11:18 / Allies) Miles_Edgeworth: both expand
(11:20 / Allies) Miles_Edgeworth: we're not facked
(11:23 / Allies) Miles_Edgeworth: they have a fuckin million towers
(11:37 / Allies) Miles_Edgeworth: i'm goin here
(11:43 / Allies) Miles_Edgeworth: nice you got top right
(11:45 / Allies) Miles_Edgeworth: put some towers up
(12:31 / Allies) Miles_Edgeworth: what happened
(12:39 / Allies) angryhoraciones: THEY CAUGHT ME OFFGUARD
(12:44 / Allies) angryhoraciones: TP?
(12:45 / Allies) Miles_Edgeworth: no
(12:51 / Allies) Miles_Edgeworth: well
(12:53 / Allies) Miles_Edgeworth: yeah
(12:54 / Allies) Miles_Edgeworth: can you?
(12:57 / Allies) angryhoraciones: Y
(13:04 / Allies) Miles_Edgeworth: i think it's too late
(13:06 / Allies) Miles_Edgeworth: fuck
(13:07 / Allies) angryhoraciones: YA
(13:49 / Allies) Miles_Edgeworth: ok
(13:49 / Allies) Miles_Edgeworth: fuc
(14:21 / Allies) Miles_Edgeworth: nice
(14:32 / Allies) Miles_Edgeworth: i think i need panda
(14:34 / Allies) Miles_Edgeworth: do you have wood
(14:42 / Allies) Miles_Edgeworth: ty
(14:43 / Allies) angryhoraciones: GIVE SOME BACK
(14:45 / Allies) angryhoraciones: SRY
(15:08 / Allies) Miles_Edgeworth: sick
(17:12 / Allies) Miles_Edgeworth: ok
(17:14 / Allies) Miles_Edgeworth: that's a problem
(17:17 / Allies) Miles_Edgeworth: scan expos with cball
(17:24 / Allies) Miles_Edgeworth: we also need to break one
(17:30 / Allies) Miles_Edgeworth: psoon
(17:30 / Allies) angryhoraciones: NO EXPO YET
(17:36 / Allies) Miles_Edgeworth: oh
(17:39 / Allies) Miles_Edgeworth: that's a lot of towers thuogh
(18:08 / Allies) Miles_Edgeworth: gold me
(18:14 / Allies) Miles_Edgeworth: lol massdhawk
(18:26 / Allies) Miles_Edgeworth: coming
(19:36 / Allies) angryhoraciones: GETTING MY EXPO UP FOR SURE
(19:39 / Allies) Miles_Edgeworth: yeah
(19:47 / Allies) Miles_Edgeworth: wisps
(19:49 / Allies) Miles_Edgeworth: put them there
(19:55 / Allies) angryhoraciones: K
(20:01 / Allies) angryhoraciones: GOLD?
(20:10 / Allies) Miles_Edgeworth: also make your heroes gods
(20:38 / Allies) Miles_Edgeworth: coming
(21:19 / Allies) Miles_Edgeworth: going
(21:25 / Allies) angryhoraciones: TY
(21:43 / Allies) Miles_Edgeworth: go
(22:07 / Allies) Miles_Edgeworth: rioght now
(22:44 / Allies) angryhoraciones: GOLD?
(22:50 / Allies) angryhoraciones: AND LUMB
(22:58 / Allies) Miles_Edgeworth: no lumb to spare
(23:15 / Allies) Miles_Edgeworth: i killed all my ghouls
(23:34 / Allies) Miles_Edgeworth: we need
(23:36 / Allies) Miles_Edgeworth: to split up
(23:37 / Allies) Miles_Edgeworth: they are just
(23:40 / Allies) Miles_Edgeworth: running us around
(23:41 / Allies) Miles_Edgeworth: they can't fight s
(25:18 / Allies) Miles_Edgeworth: dunno where red went
(25:19 / Allies) Miles_Edgeworth: careful
(26:45 / Allies) Miles_Edgeworth: nice job
(26:55 / Allies) Miles_Edgeworth: just be careful
(27:28 / All) Amazingtowers: how rich are u guys
(27:37 / All) Miles_Edgeworth: prich
(27:39 / Allies) Miles_Edgeworth: not rich at all
(27:40 / Allies) Miles_Edgeworth: fuck
(27:43 / Allies) angryhoraciones: LEL
(27:44 / All) Amazingtowers: so broke
(28:00 / Allies) Miles_Edgeworth: the might try to invis mort us
(28:02 / Allies) angryhoraciones: RICH < EXPERIENCE
(28:51 / Allies) Miles_Edgeworth: going
(28:58 / Allies) Miles_Edgeworth: nm
(30:23 / All) Miles_Edgeworth: hack much
(30:24 / All) Miles_Edgeworth: ?
(30:36 / All) Amazingtowers: whats a hack
(31:10 / Allies) Miles_Edgeworth: coming to push
(31:11 / Allies) Miles_Edgeworth: with you
(32:15 / Allies) Miles_Edgeworth: i need to pick up a tp
(32:22 / Allies) angryhoraciones: I DONT HAVE ONE
(32:27 / Allies) Miles_Edgeworth: get one
(34:25 / Allies) Miles_Edgeworth: control these mines
(34:27 / Allies) Miles_Edgeworth: and we got this
(34:31 / Allies) Miles_Edgeworth: help now
(35:08 / Allies) Miles_Edgeworth: where are you
(35:17 / Allies) Miles_Edgeworth: how are you going to breajk that
(35:28 / Allies) Miles_Edgeworth: we're fucked now
(36:07 / Allies) angryhoraciones: B
(36:37 / Allies) Miles_Edgeworth: we need to protect this
(37:44 / Allies) Miles_Edgeworth: we prob shouldn't push until my dk is back
(37:47 / Allies) Miles_Edgeworth: but
(37:52 / Allies) Miles_Edgeworth: we can poke if we don't commit
(38:39 / All) Werewolf: lol
(38:55 / Allies) Miles_Edgeworth: crystal ball
(38:56 / Allies) Miles_Edgeworth: this expo
(39:00 / Allies) Miles_Edgeworth: yeah
(39:01 / Allies) Miles_Edgeworth: it's out
(39:03 / Allies) Miles_Edgeworth: why are we pushing this
(39:15 / Allies) Miles_Edgeworth: is where we need to go
(39:33 / Allies) Miles_Edgeworth: i have no more incom
(41:10 / All) Amazingtowers: lol
(41:48 / Allies) angryhoraciones: take away ur control
(41:52 / Allies) angryhoraciones: it confuses me sometimes
(42:05 / All) Amazingtowers: u think u can win?
(42:20 / Allies) Miles_Edgeworth: going
(42:57 / Allies) Miles_Edgeworth: i can't
(42:58 / Allies) Miles_Edgeworth: spend my gold
(43:04 / Allies) angryhoraciones: gold me back then
(43:11 / Allies) Miles_Edgeworth: i have like 2k
(43:14 / Allies) Miles_Edgeworth: if i drop beklow 60\
(44:47 / Allies) Miles_Edgeworth: cball pls
(44:53 / Allies) Miles_Edgeworth: is your hero up
(45:05 / Allies) Miles_Edgeworth: k
(45:13 / Allies) Miles_Edgeworth: ROFL
(45:27 / All) Miles_Edgeworth: your ability to see
(45:29 / All) Miles_Edgeworth: invisible units
(45:31 / All) Miles_Edgeworth: is impressive
(47:28 / Allies) Miles_Edgeworth: i'm b
(49:45 / Allies) angryhoraciones: wats to say they dont have disc hack
(49:50 / Allies) Miles_Edgeworth: i dno't really care
(50:41 / Allies) Miles_Edgeworth: i have d&d
(51:40 / Allies) Miles_Edgeworth: why are we even fighting here
(51:48 / Allies) Miles_Edgeworth: we can easily kill their last source of income
(52:11 / Allies) Miles_Edgeworth: can you cball
(52:16 / Allies) angryhoraciones: almost
(52:21 / Allies) angryhoraciones: can u take the ball pls
(52:23 / Allies) Miles_Edgeworth: yes
(52:32 / Allies) Miles_Edgeworth: give to my dk
(53:11 / Allies) angryhoraciones: cumming
(54:08 / Allies) Miles_Edgeworth: expand here
(54:10 / Allies) Miles_Edgeworth: actulaly i will
(54:35 / Allies) Miles_Edgeworth: actually no
(54:38 / Allies) Miles_Edgeworth: they'll just kill my acos
(54:39 / Allies) Miles_Edgeworth: you expand
(54:44 / Allies) angryhoraciones: k
(55:27 / Allies) Miles_Edgeworth: just build 3 trees
(55:28 / Allies) Miles_Edgeworth: it's worth it
(55:33 / Allies) Miles_Edgeworth: *aps
(56:28 / Allies) Miles_Edgeworth: maybe walk it oveR?
(56:30 / Allies) Miles_Edgeworth: it's only 300 gold though
(56:33 / Allies) Miles_Edgeworth: probably not worth
(56:47 / Allies) Miles_Edgeworth: i'ma start seiging
(56:58 / Allies) Miles_Edgeworth: bring the towers over imo
(57:42 / Allies) Miles_Edgeworth: i done goofed
(57:45 / Allies) Miles_Edgeworth: o god
(57:55 / Allies) Miles_Edgeworth: come now
(58:04 / Allies) Miles_Edgeworth: why is your army over ther
(58:38 / Allies) Miles_Edgeworth: wisps
(58:58 / Allies) Miles_Edgeworth: all we need to do
(59:00 / Allies) Miles_Edgeworth: is protect the gold mines
(59:03 / Allies) Miles_Edgeworth: build a massive army
(59:06 / Allies) Miles_Edgeworth: and then kill them
(59:14 / Allies) Miles_Edgeworth: nice
(59:22 / Allies) Miles_Edgeworth: can i get like 500 gold
(59:37 / Allies) Miles_Edgeworth: i'm going ot buy a t
(59:39 / Allies) Miles_Edgeworth: p
(60:31 / Allies) Miles_Edgeworth: i'm going back there
(60:46 / Allies) Miles_Edgeworth: i might as well go 60
(60:51 / Allies) Miles_Edgeworth: can you throw me gold
(60:59 / Allies) Miles_Edgeworth: ty
(61:09 / Allies) Miles_Edgeworth: 100 more?
(61:17 / Allies) Miles_Edgeworth: ty
(61:45 / Allies) Miles_Edgeworth: going to protect my lich
(63:08 / Allies) Miles_Edgeworth: i'll go
(63:12 / Allies) Miles_Edgeworth: you defend the expo
(63:14 / Allies) angryhoraciones: ill hit blue
(63:18 / Allies) Miles_Edgeworth: n,
(63:25 / Allies) Miles_Edgeworth: don't hit blu3e
(63:26 / Allies) Miles_Edgeworth: why
(63:28 / Allies) Miles_Edgeworth: what is the point
(63:30 / Allies) angryhoraciones: k
(64:01 / Allies) Miles_Edgeworth: level 6 dk
(64:51 / Allies) Miles_Edgeworth: seiging with hawks slowly is a good move
(64:56 / Allies) Miles_Edgeworth: lol what
(65:04 / Allies) Miles_Edgeworth: ok we maybe win
(65:05 / Allies) angryhoraciones: dat quilbeast lure
(65:17 / Allies) Miles_Edgeworth: they have gold to revive still
(65:23 / Allies) Miles_Edgeworth: let's push
(65:24 / Allies) Miles_Edgeworth: his main
(65:26 / Allies) Miles_Edgeworth: and kill altar
(66:56 / Allies) Miles_Edgeworth: don't chase in there
(68:24 / Allies) Miles_Edgeworth: waljk the tree over imo
(68:45 / Allies) Miles_Edgeworth: look out
(69:11 / Allies) Miles_Edgeworth: bring aps too
(70:12 / Allies) Miles_Edgeworth: let's just
(70:14 / Allies) Miles_Edgeworth: mine out all the gold
(70:27 / Allies) Miles_Edgeworth: and slowly seige
(70:48 / Allies) Miles_Edgeworth: root that guy
(70:56 / Allies) Miles_Edgeworth: look out
(73:50 / Allies) Miles_Edgeworth: dude
(73:51 / Allies) Miles_Edgeworth: where are
(73:53 / Allies) Miles_Edgeworth: you
(73:53 / Allies) angryhoraciones: mb
(74:02 / Allies) Miles_Edgeworth: that was really gay
(74:04 / Allies) Miles_Edgeworth: fuck that
(74:05 / Allies) Miles_Edgeworth: i need a shade
(75:13 / Allies) Miles_Edgeworth: they are doing some gay invis shit
(75:43 / Allies) Miles_Edgeworth: lol they're trying to snipe the shade
(75:45 / Allies) Miles_Edgeworth: with flamestrik,e
(75:51 / Allies) Miles_Edgeworth: this is the most ridiculously obvious hack ever
(76:40 / All) angryhoraciones: b
(76:41 / Allies) angryhoraciones: b
(76:43 / Allies) Miles_Edgeworth: dude
(77:17 / Allies) Miles_Edgeworth: this is going to be much harder now
(77:20 / Allies) Miles_Edgeworth: that mk is 6
(77:34 / Allies) Miles_Edgeworth: give me gold
(77:35 / Allies) Miles_Edgeworth: for dk
(78:01 / Allies) Miles_Edgeworth: ij
(78:02 / Allies) Miles_Edgeworth: ok
(78:04 / Allies) Miles_Edgeworth: we're not attacking into them
(78:05 / Allies) Miles_Edgeworth: ever again
(78:10 / Allies) Miles_Edgeworth: that's how we got ourselves into this mess
(78:18 / Allies) angryhoraciones: ok
(78:18 / Allies) Miles_Edgeworth: just seige them down with wagons
(78:23 / Allies) Miles_Edgeworth: and the aps
(79:41 / Allies) Miles_Edgeworth: b
(81:57 / Allies) Miles_Edgeworth: ok it's pmuch over
(82:02 / Allies) Miles_Edgeworth: get the last of the gold imo
(82:23 / Allies) Miles_Edgeworth: whatever
(82:57 / Allies) Miles_Edgeworth: i'll go stop them
(83:05 / Allies) Miles_Edgeworth: start moving the aps here
(83:33 / Allies) Miles_Edgeworth: send him there
(83:45 / Allies) Miles_Edgeworth: i know
(84:09 / Allies) Miles_Edgeworth: ok it's just towers qand two hereos
(84:13 / Allies) Miles_Edgeworth: let's just play it slow
(84:50 / Allies) Miles_Edgeworth: b
(84:50 / Allies) Miles_Edgeworth: b
(84:51 / Allies) Miles_Edgeworth: b
(84:56 / Allies) Miles_Edgeworth: that's still a lot of towers
(85:06 / Allies) Miles_Edgeworth: should i risk d&d
(85:09 / Allies) Miles_Edgeworth: no
(85:12 / Allies) Miles_Edgeworth: we have4 too little gold
(85:13 / Allies) angryhoraciones: n
(85:31 / Allies) Miles_Edgeworth: swing
(85:32 / Allies) Miles_Edgeworth: around
(85:35 / Allies) Miles_Edgeworth: this side
(85:36 / Allies) Miles_Edgeworth: with aps
(85:57 / Allies) Miles_Edgeworth: whatev
(85:58 / Allies) Miles_Edgeworth: irrel
(87:39 / Allies) angryhoraciones: dat pressure
(87:44 / Allies) angryhoraciones: b
(89:15 / Allies) angryhoraciones: inb4 disc hack
(89:29 / All) Werewolf: GG
(89:31 / All) Miles_Edgeworth: gg yo
(89:42 / All) Amazingtowers: gg